 Dungeon Crawl Stone Soup version 0.20.1-1-g8b1a95d (webtiles) character file.

73 KKCryptic the Caller (level 4, -6/30 HPs)
             Began as a Merfolk Summoner on July 14, 2017.
             Killed by divine providence
             ... invoked by an orc priest
              (16 damage)
             ... on level 3 of the Dungeon.
             The game lasted 00:12:03 (2838 turns).

KKCryptic the Caller (Merfolk Summoner)             Turns: 2838, Time: 00:12:04

Health: -6/30      AC:  2    Str:  8    XL:     4   Next: 27%
Magic:  3/7        EV: 14    Int: 15    God:
Gold:   86         SH:  0    Dex: 14    Spells: 4/7 levels left

rFire    . . .     SeeInvis .   (no weapon)
rCold    . . .     Gourm    .   (no shield)
rNeg     . . .     Faith    .   a - +0 robe
rPois    +         Spirit   .   (no helmet)
rElec    .         Reflect  .   (no cloak)
rCorr    .         Harm     .   (no gloves)
MR       .....                  (no boots)
Stlth    +.........             (no amulet)
Regen    0.1/turn               d - ring of poison resistance
MPRegen  0.1/turn               o - ring of loudness (curse)

@: no status effects
A: change form in water, swift swim, stealthy swim
a: no special abilities


You were on level 3 of the Dungeon.
You were not hungry.

You visited 1 branch of the dungeon, and saw 3 of its levels.

You collected 86 gold pieces.

Inventory:

Armour
 a - a +0 robe (worn)
Jewellery
 d - a ring of poison resistance (left hand)
 o - a cursed ring of loudness (right hand)
Scrolls
 g - a scroll of enchant armour {unknown}
 i - a scroll of amnesia {unknown}
 m - 2 scrolls of identify {unknown}
 n - 2 scrolls of immolation {unknown}
 p - a scroll of enchant weapon {unknown}
Potions
 e - 2 potions of mutation {unknown}
 h - a potion of curing {unknown}
 q - a potion of invisibility {unknown}
Books
 b - a book of Callings

   Spells                             Type                      Level
   a - Summon Small Mammal            Summoning                    1
   b - Call Imp                       Summoning                    2
   c - Call Canine Familiar           Summoning                    3
   d - Summon Guardian Golem          Hexes/Summoning              3
   e - Summon Lightning Spire         Summoning/Air                4
   f - Summon Ice Beast               Ice/Summoning                4
 k - a book of Summonings

   Spells                             Type                      Level
   a - Recall                         Summoning/Translocation      3
   b - Aura of Abjuration             Summoning                    5
   c - Summon Demon                   Summoning                    5
   d - Summon Forest                  Summoning/Translocation      5
   e - Summon Mana Viper              Hexes/Summoning              5
   f - Shadow Creatures               Summoning                    6
Comestibles
 c - 3 bread rations
 f - 3 fruits
 j - a meat ration
 l - a royal jelly


   Skills:
 + Level 3.8 Dodging
 + Level 3.3 Stealth
 - Level 2.0 Spellcasting
 + Level 4.7 Summonings


You had 4 spell levels left.
You knew the following spells:

 Your Spells              Type           Power        Failure   Level  Hunger
o - Call Imp              Summ           ###.....     4%          2    ###....
p - Summon Small Mammal   Summ           ###.         3%          1    #......


Dungeon Overview and Level Annotations

Branches:
Dungeon (3/15)

Altars:

Annotations:
D:2 Sigmund


Message History

Your quokka bites the orc priest.
The orc priest closely misses your quokka.
Your quokka bites the orc priest.
The orc priest closely misses your quokka.
Your quokka barely misses the orc priest.
You swap places.
Your quokka bites the orc priest.
Your bat closely misses the orc priest.
Your bat closely misses the orc priest.
The orc priest closely misses your quokka.
Your quokka bites the orc priest.
The orc priest dies!
The orc priest barely misses your bat. The orc priest hits your bat.
Your bat dies!
Your bat's corpse disappears in a puff of smoke!
Your quokka bites the orc priest.
The orc priest mumbles some strange prayers to Beogh against you.
Beogh smites you!
Ouch! That really hurt!
You die...

#.# ##.##.###.## #o#
#.# #.#.## #o#
#.####.## #r#
#...รท..### ### #.#
#............# #.#
#..#########.# #)#
#..####### #.#
#o#####........# #.#
#r.@.....#####.###.#
########.# #......
#.# #####.# #.# #.#
#.#########.#
#...........#
#############


You could see an orc priest and a friendly quokka.

Vanquished Creatures
  A kobold (D:1)
1 creature vanquished.

Vanquished Creatures (collateral kills)
  An orc priest (D:3)
  5 adders
  A leopard gecko (D:2)
  2 orcs (D:3)
  5 bats
  4 giant cockroaches
  4 goblins
  5 hobgoblins
  6 kobolds
  A quokka (D:3)
  4 frilled lizards
  11 rats
49 creatures vanquished.

Grand Total: 50 creatures vanquished

Notes
Turn   | Place    | Note
-------+----------+-------------------------------------------
     0 | D:1      | KKCryptic the Merfolk Summoner began the quest for the Orb.
     0 | D:1      | Reached XP level 1. HP: 13/13 MP: 3/3
   645 | D:1      | Reached XP level 2. HP: 7/19 MP: 3/5
   649 | D:1      | Learned a level 2 spell: Call Imp
  1559 | D:2      | Noticed Sigmund
  1777 | D:2      | Reached XP level 3. HP: 24/24 MP: 2/6
  2261 | D:2      | You fall through a shaft!
  2801 | D:3      | Reached XP level 4. HP: 26/30 MP: 7/7
  2838 | D:3      | Killed from afar by an orc priest

Skill      XL: |  1  2  3 |
---------------+----------+-----
Dodging        | 3 |  3.8
Stealth        | 3 |  3.3
Spellcasting   | |  2.0
Summonings     | |  4.7

Action                   |  1- 3 |  4- 6 || total
-------------------------+-------+-------++-------
Melee: Unarmed           |    67 |       ||    67
 Cast: Summon Small Mamm |    72 |     5 ||    77
       Call Imp          |    17 |     1 ||    18
 Stab: Sleeping          |     2 |       ||     2
       Distracted        |     1 |       ||     1
  Eat: Chunk             |     9 |       ||     9
Armor: Robe              |    20 |       ||    20
Dodge: Dodged            |    83 |       ||    83
